 Dungeon Crawl Stone Soup version 0.24.0-125-gc4c63601f3 (webtiles) character file.

Game seed: 10834419583194184726, levelgen mode: deterministic

1312 Kniotic the Martial Artist (level 8, -1/59 HPs)
             Began as a Demonspawn Monk on Feb 20, 2020.
             Was a Believer of Cheibriados.
             Slain by a gnoll
             ... wielding a +0 spear
              (5 damage)
             ... on level 6 of the Dungeon.
             The game lasted 00:13:38 (9352 turns).

Kniotic the Martial Artist (Demonspawn Monk)        Turns: 9352, Time: 00:13:38

Health: -1/59      AC:  4    Str: 21    XL:     8   Next: 32%
Magic:  8/8        EV: 13    Int: 16    God:    Cheibriados [**....]
Gold:   253        SH:  0    Dex: 21    Spells: 7/7 levels left

rFire    x . .     SeeInvis .     - Unarmed
rCold    + . .     Gourm    .   (no shield)
rNeg     . . .     Faith    .   a - +0 robe
rPois    .         Spirit   .   t - +0 helmet
rElec    .         Reflect  .   (no cloak)
rCorr    .         Harm     .   (no gloves)
MR       .....                  (no boots)
Stlth    ++........             (no amulet)
HPRegen  0.19/turn              (no ring)
MPRegen  0.11/turn              q - ring of ice

@: mighty, very slow
A: rugged brown scales 1, powered by pain 1
a: Bend Time, Renounce Religion


You were on level 6 of the Dungeon.
You worshipped Cheibriados.
Cheibriados was pleased with you.
You were very hungry.

You visited 2 branches of the dungeon, and saw 7 of its levels.
You also visited: Ossuary.

You collected 253 gold pieces.

Inventory:

Armour
 a - a +0 robe (worn)
 t - a +0 helmet (worn)
Jewellery
 q - a ring of ice (right hand)
Wands
 s - a wand of digging (13)
Scrolls
 c - 2 scrolls of teleportation
 d - a scroll of noise {unknown}
 e - a scroll of random uselessness
 f - a scroll of blinking {unknown}
 g - 6 scrolls of identify
 j - a scroll of enchant armour {unknown}
 k - 3 scrolls of remove curse
 n - a scroll of amnesia {unknown}
 o - 3 scrolls of fear {unknown}
 r - a scroll of summoning {unknown}
 u - a scroll of holy word {unknown}
 x - a scroll of fog {unknown}
Potions
 h - 2 potions of might
 i - 2 potions of heal wounds {unknown}
 m - 3 potions of brilliance {unknown}
 p - 2 potions of flight
 v - a potion of magic {unknown}
 w - a potion of lignification {unknown}
Comestibles
 b - 9 rations


   Skills:
 - Level 3.0 Fighting
 - Level 2.6 Dodging
 - Level 1.7 Stealth
 + Level 9.7 Unarmed Combat


You had 7 spell levels left.
You didn't know any spells.
Your spell library contained the following spells:

 Spells                   Type           Power        Failure   Level  Hunger
 Magic Dart               Conj           #...         26%         1    ##.....
 Blink                    Tloc           N/A          36%         2    ###....
 Call Imp                 Summ           #.......     36%         2    ###....
 Corpse Rot               Necr           N/A          36%         2    ###....
 Slow                     Hex            #.......     36%         2    ###....
 Conjure Flame            Conj/Fire      #.......     58%         3    ####...
 Mephitic Cloud           Conj/Pois/Air  #.......     58%         3    ####...


Dungeon Overview and Level Annotations

Branches:
Dungeon (6/15)             Temple (1/1) D:6         Ossuary (visited)

Altars:
Ashenzari
Cheibriados
Dithmenos
Elyvilon
Fedhas
Gozag
Hepliaklqana
Makhleb
Nemelex Xobeh
Okawaru
Qazlal
Sif Muna
Trog
Uskayaw
Wu Jian
Yredelemnul
The Shining One


Innate Abilities, Weirdness & Mutations

You are partially covered in rugged brown scales. (AC +1, +3% HP)
You sometimes gain a little power by taking damage.


Message History

You kill the jelly!
Cheibriados appreciates the change of pace.
The gnoll closely misses you. The gnoll closely misses you.
You are feeling very hungry.
You punch the gnoll!
The gnoll is almost dead.
The gnoll hits you with a +0 halberd.
* * * LOW HITPOINT WARNING * * *
The gnoll hits you from afar with a +0 spear.
* * * LOW HITPOINT WARNING * * *
You pummel the gnoll!!
You kill the gnoll!
Cheibriados appreciates the change of pace.
The sky beast barely misses you. The gnoll barely misses you.
The sky beast misses you.
Things that are here:
a +0 halberd; a gnoll corpse The gnoll hits you from afar with a +0 spear.
You die...

# ###### # .....# ### ### #
.....# #.##### ...###### #
.....#####.# ... #.#Y. ... #
...........####.###.§§##. #.# #
..............#..#§#§#§#.##.#####
......###..##.##.§g§_.§..........
........#..#....@#§#§#Y#.........
##.####.####.....Y#§§ #.Y........
...# .# ##.#######§##.#######..
.### # #.÷.........# ###...... .#
#..####### .# #...#.... .# #...
.# #.####### .# ....# # #........
.# ...... ##.....## .# ...##...
#..P.P..#


You could see a sky beast and a gnoll.

Vanquished Creatures
  An ice beast (D:4)
  A phantom (D:4)
  2 bullfrogs (D:6)
  A scorpion (D:6)
  A howler monkey (D:6)
  2 bullfrog zombies (D:5)
  2 hounds (D:6)
  3 human zombies (Ossuary)
  2 orc priests
  5 orc wizards
  Ijyb (D:4)
  A jelly (D:6)
  Jessica (D:3)
  2 hound zombies (Ossuary)
  3 mummies (Ossuary)
  14 gnolls
  6 adders
  2 adder zombies (D:5)
  4 worms
  2 dart slugs (D:2)
  3 leopard geckos
  20 orcs
  3 giant cockroaches
  6 hobgoblins
  8 jackals
  5 quokkas
  A ball python (D:3)
  13 bats
  3 frilled lizards
  3 gnoll zombies (Ossuary)
  5 goblins
  4 goblin zombies (Ossuary)
  3 hobgoblin zombies (Ossuary)
  5 jackal zombies (Ossuary)
  9 kobolds
  5 kobold zombies (Ossuary)
  3 orc zombies (Ossuary)
  A quokka skeleton (D:5)
  6 quokka zombies (Ossuary)
  12 rats
174 creatures vanquished.

Notes
Turn   | Place    | Note
-------+----------+-------------------------------------------
     0 | D:1      | Kniotic the Demonspawn Monk began the quest for the Orb.
     0 | D:1      | Reached XP level 1. HP: 18/18 MP: 1/1
    89 | D:1      | Reached skill level 3 in Unarmed Combat
   351 | D:1      | Gained mutation: You are partially covered in rugged brown
                  | scales. (AC +1, +3% HP) [demonic ancestry]
   351 | D:1      | Reached XP level 2. HP: 15/24 MP: 2/2
   854 | D:1      | Gained mutation: You sometimes gain a little power by
                  | taking damage. [demonic ancestry]
   854 | D:1      | Reached XP level 3. HP: 25/29 MP: 3/3
  1005 | D:2      | Reached skill level 4 in Unarmed Combat
  1844 | D:2      | Reached XP level 4. HP: 36/36 MP: 4/4
  2897 | D:3      | Noticed Jessica
  2905 | D:3      | Killed Jessica
  2905 | D:3      | Reached skill level 5 in Unarmed Combat
  3015 | D:3      | Identified Jessica's Collected Works on Necromancy
  3250 | D:3      | Reached XP level 5. HP: 42/42 MP: 5/5
  3571 | D:4      | You fall into a shaft and drop 1 floor!
  3571 | D:5      | Entered Level 5 of the Dungeon
  3571 | D:5      | Found a hazy altar of Hepliaklqana.
  3741 | D:5      | Found a sand-covered staircase.
  3782 | Ossuary  | Entered an ossuary
  4137 | Ossuary  | Reached skill level 6 in Unarmed Combat
  4242 | Ossuary  | Reached XP level 6. HP: 23/48 MP: 6/6
  5948 | D:4      | Reached skill level 7 in Unarmed Combat
  6254 | D:4      | Noticed Ijyb
  6271 | D:4      | Killed Ijyb
  6271 | D:4      | Reached XP level 7. HP: 47/53 MP: 7/7
  6972 | D:4      | Reached skill level 8 in Unarmed Combat
  8422 | D:6      | Reached skill level 9 in Unarmed Combat
  8422 | D:6      | Reached XP level 8. HP: 27/59 MP: 8/8
  8947 | D:6      | Found a basalt altar of Yredelemnul.
  8982 | D:6      | Found a staircase to the Ecumenical Temple.
  8996 | Temple   | Entered the Ecumenical Temple
  9084 | Temple   | Became a worshipper of Cheibriados the Contemplative
  9084 | Temple   | Reached * piety under Cheibriados
  9084 | Temple   | Reached ** piety under Cheibriados
  9324 | D:6      | Found a shadowy altar of Dithmenos.
  9352 | D:6      | Slain by a gnoll

Levels and vault maps discovered:
D:1:      minmay_arrival_jagged, layout_loops_cross
D:2:      layout_loops_ring, first_ration, patterned_corridor
D:3:      layout_loops_corners, chequers_serial_rivers_micro_c,
          kennysheep_jessica_study
D:4:      lemuel_upstairs_altar, layout_loops_ring, uniq_ijyb
D:5:      layout_loops_cross, nicolae_ossuary_entry_monument,
          lemuel_altar_in_water
D:6:      layout_basic, yredelemnul_altar_generic,
          minmay_temple_entry_large_hall, nrook_mini_vaults,
          grunt_dithmenos_smoke_and_mirrors
Temple:   kilobyte_greek_temple

Skill      XL: |  1  2  3  4  5  6  7 |
---------------+----------------------+-----
Unarmed Combat | 3 4 5 6 7 9 |  9.7
Fighting       | |  3.0
Dodging        | |  2.6
Stealth        | |  1.7

Action                   |  1- 3 |  4- 6 |  7- 9 || total
-------------------------+-------+-------+-------++-------
Melee: Unarmed           |   160 |   410 |   217 ||   787
       Punch             |       |    20 |     8 ||    28
  Use: Potion            |       |     2 |     4 ||     6
       Scroll            |       |     5 |       ||     5
 Stab: Sleeping          |     6 |     8 |     1 ||    15
       Distracted        |     1 |     1 |     2 ||     4
  Eat: Chunk             |     3 |     6 |    10 ||    19
       Ration            |       |     2 |       ||     2
Armor: Robe              |    28 |    57 |    24 ||   109
Dodge: Dodged            |   123 |   251 |   132 ||   506
